 Dungeon Crawl Stone Soup version 0.30-a0-883-g5ad918d77d (webtiles) character file.

Game seed: 8249444313994218058

9145 Sanktem7 the Cleaver (level 11, -4/99 HPs)
             Began as a Minotaur Fighter on Mar 16, 2023.
             Was a Priest of Okawaru.
             Slain by a death yak (17 damage)
             ... on level 1 of the Lair of Beasts.
             The game lasted 00:21:03 (8919 turns).

Sanktem7 the Cleaver (Minotaur Fighter)             Turns: 8919, Time: 00:21:04

Health: -4/99      AC: 25    Str: 25    XL:     11   Next: 19%
Magic:  12/12      EV:  7    Int:  9    God:    Okawaru [***...]
Gold:   813        SH:  6    Dex: 10    Spells: 10/10 levels left

rFire   . . .      SeeInvis .    a - +0 war axe (protect) {axe}
rCold   . . .      Faith    .    c - +0 buckler
rNeg    . . .      Spirit   .    I - +0 plate armour
rPois   +          Reflect  .    (helmet restricted)
rElec   .          Rampage  .    (no cloak)
rCorr   +                        (no gloves)
Will    .....                    b - -1 pair of boots of Virtue {rPois rCorr Int+4} Stlth
                                 q - amulet of the acrobat
HPRegen 0.36/turn                p - +4 ring of slaying
MPRegen 0.13/turn                i - +4 ring of protection

@: under a protective aura, studying Shields
A: horns 2, retaliatory headbutt
a: Renounce Religion, Heroism


You were on level 1 of the Lair of Beasts.
You worshipped Okawaru.
Okawaru was most pleased with you.
You visited 2 branches of the dungeon, and saw 10 of its levels.
You also visited: Bailey.

You collected 813 gold pieces.


Innate Abilities, Weirdness & Mutations

You have a pair of horns on your head.
You reflexively headbutt those who attack you in melee.


   Skills:
 + Level 9.9 Fighting
 * Level 13.1 Axes
 + Level 10.0 Armour
 + Level 10.5 Shields
 + Level 3.3 Invocations


You had 10 spell levels left.
You didn't know any spells.
Your spell library contained the following spells:

 Spells                   Type           Power      Damage    Failure   Level
 Kiss of Death            Conj/Necr      0%         2d5       99%         1
 Ensorcelled Hibernation  Hex/Ice        0%         N/A       100%        2
 Passwall                 Tmut/Erth      0%         N/A       100%        2
 Confusing Touch          Hex            0%         N/A       100%        3
 Inner Flame              Hex/Fire       0%         N/A       100%        3
 Ozocubu's Armour         Ice            0%         N/A       100%        3
 Portal Projectile        Hex/Tloc       0%         N/A       100%        3
 Swiftness                Air            0%         N/A       100%        3
 Dispel Undead            Necr           0%         3d6       100%        4
 Flame Wave               Conj/Fire      0%         2d4       100%        4
 Leda's Liquefaction      Hex/Erth       0%         N/A       100%        4
 Sticky Flame             Conj/Fire      0%         2d3       100%        4
 Ozocubu's Refrigeration  Ice            0%         4d7       100%        7
 Call Canine Familiar     Summ           Unusable   N/A       N/A         3

Inventory:

Hand Weapons
 a - a +0 war axe of protection (weapon) {axe}
 f - the +6 trident of the Common Good {drain, *Corrode Drain Str+2 Dex+7, polearm}
   (You found it on level 8 of the Dungeon)

   Str:       It affects your strength (+2).
   Dex:       It affects your dexterity (+7).
   *Corrode:  It may corrode you when you take damage.
   Drain:     It drains your maximum health when unequipped.
 x - a +4 flail of freezing {mace}
   (You took it off a wight on level 9 of the Dungeon)
Missiles
 e - 6 throwing nets {=f!fthrowing}
 g - 61 stones (quivered) {throwing}
 m - a curare-tipped dart {=fthrowing}
 s - 4 javelins {throwing}
 u - 9 boomerangs {throwing}
 w - 5 poisoned darts {throwing}
Armour
 b - the -1 pair of boots of Virtue (worn) {rPois rCorr Int+4}
   (You acquired it on level 8 of the Dungeon)

   Int:       It affects your intelligence (+4).
   rPois:     It protects you from poison.
   rCorr:     It protects you from acid and corrosion.
 c - a +0 buckler (worn)
 F - a +1 pair of boots
   (You found it on level 6 of the Dungeon)
 I - a +0 plate armour (worn)
   (You took it off a gnoll sergeant in a bailey)
Jewellery
 i - a +4 ring of protection (right hand)
   (You found it on level 4 of the Dungeon)
 p - a +4 ring of slaying (left hand)
   (You found it on level 2 of the Dungeon)
 q - an amulet of the acrobat (around neck)
   (You found it on level 3 of the Dungeon)
Wands
 E - a wand of light (12)
   (You found it on level 8 of the Dungeon)
 J - a wand of flame (20)
   (You found it on level 8 of the Dungeon)
Scrolls
 l - a scroll of magic mapping {!r}
 n - 2 scrolls of teleportation {@r4}
 t - a scroll of poison {!r}
 y - a scroll of enchant weapon
Potions
 d - 2 potions of might
 h - 3 potions of haste {@q3}
 j - 4 potions of curing {@q1}
 k - 3 potions of invisibility
 o - 2 potions of degeneration {!q@e2}
 r - a potion of attraction {!q}
 v - a potion of mutation {unknown}
 z - a potion of ambrosia
 A - 2 potions of lignification {!q}
 G - a potion of resistance
Miscellaneous
 D - a condenser vane
   (You found it in a bailey)

Dungeon Overview and Level Annotations

Branches:
Dungeon (9/15) Zot: 26189  Temple (0/1) D:7            Lair (1/5) D:9 Zot: 5810
 Bailey (visited)
    Orc: D:9-12

Altars:
Ashenzari
Okawaru
Ru
Trog
Xom
The Shining One

Shops:
D:8

* ##.......##
##.........# .......
#.........#### .......
P........#.#.# .......
.............## .......
..........[...# .......
..............###.......
................YYY.....
.#....#.......[.@Y......
.##..###.........#......
..#### #........## .....
... ###......#.......
..## #P.............
###............
###........ . #........
~~~~.....


You could see 4 death yaks.


Message History

You feel sick.
You feel sick.
You feel sick.
You feel sick.
You feel sick.
You feel sick.
You feel sick.
You feel sick.
You are no longer poisoned.
Key pressed, stopping explore.
You see here a black mamba corpse.
A water moccasin comes into view.
The water moccasin hisses angrily.
You hear an angry hiss.
A water moccasin comes into view. 😎 HP[+13]
Your hp is fully restored (99).
There are monsters nearby!
There are monsters nearby!
There are monsters nearby!
You barely miss the water moccasin.
The water moccasin bites you but does no damage. x2
You hit the water moccasin.
Your weapon exudes an aura of protection.
You barely miss the water moccasin. You block the water moccasin's attack.
The water moccasin bites you but does no damage.
You slash the water moccasin!
Your headbutt misses the water moccasin.
You hit the water moccasin. The water moccasin bites you.
You block the water moccasin's attack. 😕 HP[-2]
You take 2 damage, and now have 97/99 hp.
You closely miss the water moccasin. x2; The water moccasin closely misses you.
You furiously retaliate!
You headbutt the water moccasin! The water moccasin closely misses you.
The water moccasin bites you but does no damage. x2
You hit the water moccasin. x2
The water moccasin bites you but does no damage. x2
You miss the water moccasin. You slash the water moccasin!
You kill the water moccasin!
Okawaru accepts your kill.
You block the water moccasin's attack. 😕 HP[+1]
You slice the water moccasin!!
You kill the water moccasin!
Okawaru accepts your kill.
No target in view!
No target in view!
No target in view!
No target in view!
No target in view!
You see here a water moccasin corpse.
You now have 813 gold pieces (gained 8).
Key pressed, stopping explore.
A death yak comes into view.
The death yak bellows!
You hear a bellow! 😎 HP[+1]
Your hp is fully restored (99).
A death yak is nearby!
A death yak comes into view. x2
A death yak comes into view.
The death yak bellows!
The death yak gores you! 😕 HP[-15]
You take 15 damage, and now have 84/99 hp.
You hit the death yak but do no damage.
Your weapon exudes an aura of protection.
You block the death yak's attack.
You hit the death yak. Your headbutt misses the death yak.
You slash the death yak! The death yak gores you!
The death yak gores you but does no damage. 😮 HP[-17]
You take 17 damage, and now have 67/99 hp.
You slash the death yak! You headbutt the death yak!
You barely miss the death yak. 😮 HP[+1]
You slash the death yak!
You headbutt the death yak, but do no damage.
You hit the death yak.
The death yak gores you but does no damage.
The death yak barely misses you. You furiously retaliate!
You headbutt the death yak! You hit the death yak but do no damage.
Your headbutt misses the death yak. You hit the death yak.
You hit the death yak but do no damage.
The death yak gores you but does no damage.
The death yak gores you!!
The death yak completely misses you. 😮 HP[-18]
You take 18 damage, and now have 50/99 hp.
You hit the death yak. You headbutt the death yak.
You hit the death yak but do no damage. You hit the death yak.
The death yak gores you.
The death yak gores you but does no damage.
The death yak gores you!
* * * LOW HITPOINT WARNING * * *
😨 HP[-17]
You take 17 damage, and now have 33/99 hp.
You hit the death yak but do no damage. You headbutt the death yak.
You hit the death yak but do no damage. x2; The death yak gores you!!
* * * LOW HITPOINT WARNING * * *
The death yak gores you!
You die...

Skill      XL: |  1  2  3  4  5  6  7  8  9 10 11 |
---------------+----------------------------------+-----
Axes           | 3 4 5 6 7 9 11 12 13 | 13.1
Armour         | 4 5 6 7 8 9 10 | 10.0
Fighting       | 4 5 6 7 8 9 |  9.9
Shields        | 4 5 6 7 8 10 | 10.5
Invocations    | 2 3 |  3.3

Action                     |  1- 3 |  4- 6 |  7- 9 | 10-12 || total
---------------------------+-------+-------+-------+-------++-------
  Melee: War axe           |    64 |   107 |   185 |   171 ||   527
         Headbutt          |     8 |    13 |    33 |    33 ||    87
    Use: Scroll            |       |       |    13 |    10 ||    23
         Potion            |       |       |     2 |       ||     2
 Armour: Scale mail        |    27 |    40 |   111 |       ||   178
         Plate armour      |       |       |    15 |   142 ||   157
  Dodge: Dodged            |    33 |    59 |   174 |    94 ||   360
  Block: Buckler           |    11 |    22 |    80 |    47 ||   160

Levels and vault maps discovered:
D:1:      ncdulo_wetmaze, layout_basic
D:2:      layout_rooms, kennysheep_doodads, minmay_increasing_density
D:3:      layout_loops_ring, nicolae_ru_the_path_less_chosen,
          dreamdust_ecumenical_altar_hidden_monk_grotto, grunt_decor_junction
D:4:      layout_basic, st_stairs_6, minmay_misc_feat_diagonals, uniq_natasha
D:5:      layout_basic, ashenzari_altar_1
D:6:      layout_basic, guppyfry_early_elven_hall
D:7:      layout_rooms, amcnicky_altar_gilded, kennysheep_little_box,
          minmay_temple_entry_nine_rooms, enter_bailey_3,
          hellmonk_guarded_unrand_night, uniq_duvessa
D:8:      layout_loops_ring, mainiacjoe_overflow_concentric_impassable,
          nicolae_shop_fire_sale [nicolae_sub_dead_trees],
          grunt_decor_arrowhead, uniq_pikel
D:9:      layout_irregular_city, mainiacjoe_overflow_alcove_1,
          hellmonk_lair_entry_icy
Lair:1:   layout_hall_layers, worms_lemuel, lemuel_fruit_fields,
          lemuel_fruit_tree

Notes
Turn   | Place    | Note
-------+----------+-------------------------------------------
     0 | D:1      | Sanktem7 the Minotaur Fighter began the quest for the Orb.
     0 | D:1      | Reached XP level 1. HP: 19/19 MP: 0/0
     0 | D:1      | magus.rc [v1.9.6]
    86 | D:1      | You pick up a book of Burglary and begin reading...
    86 | D:1      | You add the spells Passwall, Ensorcelled Hibernation and
                  | Swiftness to your library.
   590 | D:2      | Reached XP level 2. HP: 27/27 MP: 1/1
   627 | D:2      | Reached skill level 3 in Axes
   660 | D:2      | Reached skill level 4 in Armour
   660 | D:2      | Reached XP level 3. HP: 33/33 MP: 2/2
   693 | D:2      | Reached skill level 4 in Fighting
   693 | D:2      | Reached skill level 4 in Shields
  1201 | D:3      | You pick up a book of Touch and begin reading...
  1201 | D:3      | You add the spells Kiss of Death, Confusing Touch and
                  | Dispel Undead to your library.
  1224 | D:3      | Found a faded altar of an unknown god.
  1320 | D:3      | Reached XP level 4. HP: 40/40 MP: 3/3
  1349 | D:3      | Reached skill level 4 in Axes
  1685 | D:3      | You pick up a book of Flames and begin reading...
  1685 | D:3      | You add the spells Inner Flame, Sticky Flame and Flame Wave
                  | to your library.
  1844 | D:3      | Found a sacrificial altar of Ru.
  2044 | D:3      | Reached XP level 5. HP: 47/47 MP: 4/4
  2319 | D:4      | You pick up a book of the Hunter and begin reading...
  2319 | D:4      | You add the spells Call Canine Familiar, Portal Projectile
                  | and Leda's Liquefaction to your library.
  2439 | D:4      | Noticed an ogre
  2444 | D:4      | Killed an ogre
  2445 | D:4      | Reached skill level 5 in Axes
  2445 | D:4      | Reached skill level 5 in Armour
  2445 | D:4      | Reached XP level 6. HP: 55/55 MP: 5/5
  2534 | D:4      | Noticed Natasha
  2537 | D:4      | Killed Natasha
  2633 | D:4      | Noticed Natasha
  2641 | D:4      | Killed Natasha
  2642 | D:4      | Reached skill level 5 in Fighting
  2642 | D:4      | Reached skill level 5 in Shields
  2960 | D:5      | Entered Level 5 of the Dungeon
  3065 | D:5      | Reached skill level 6 in Axes
  3111 | D:5      | Noticed an ice beast
  3119 | D:5      | Killed an ice beast
  3120 | D:5      | Reached XP level 7. HP: 61/61 MP: 6/6
  3351 | D:5      | Found a broken altar of Ashenzari.
  3353 | D:5      | Reached skill level 7 in Axes
  3353 | D:5      | Reached skill level 6 in Armour
  3552 | D:5      | You pick up a book of Burglary and begin reading...
  3582 | D:5      | Reached skill level 6 in Fighting
  3582 | D:5      | Reached skill level 6 in Shields
  3585 | D:5      | Reached XP level 8. HP: 49/70 MP: 7/7
  4085 | D:6      | Identified the +1 leather armour of Insecurity {rElec}
  4115 | D:6      | Reached skill level 8 in Axes
  4331 | D:6      | Noticed a deep elf pyromancer
  4339 | D:6      | Killed a deep elf pyromancer
  4340 | D:6      | Reached skill level 7 in Fighting
  4340 | D:6      | Reached skill level 9 in Axes
  4340 | D:6      | Reached skill level 7 in Armour
  4340 | D:6      | Reached skill level 7 in Shields
  4854 | D:6      | magus.rc [v1.9.6]
  4947 | D:7      | Found a flagged portal.
  4956 | Bailey   | Entered a bailey
  4963 | Bailey   | Reached XP level 9. HP: 74/79 MP: 8/8
  5039 | Bailey   | HP: 15/79 [gnoll sergeant/+0 halberd (6)]
  5045 | Bailey   | HP: 9/79 [gnoll sergeant/+0 halberd (1)]
  5335 | Bailey   | HP: 8/79 [gnoll sergeant/+0 glaive (15)]
  5339 | Bailey   | HP: 3/80 [gnoll sergeant/+0 glaive (4)]
  5341 | Bailey   | Reached skill level 10 in Axes
  5344 | Bailey   | HP: 20/80 [gnoll sergeant/+0 glaive (3)]
  5347 | Bailey   | HP: 9/80 [gnoll sergeant/+0 glaive (5)]
  5349 | Bailey   | HP: 3/80 [gnoll sergeant/+0 glaive (4)]
  5354 | Bailey   | HP: 13/80 [gnoll sergeant/+0 glaive (11)]
  5637 | Bailey   | Identified the +5 great sword "Culaczia" {spect, Fly rPois
                  | rN+ Int-2}
  5649 | Bailey   | Reached skill level 8 in Armour
  5649 | Bailey   | HP: 19/81 [gnoll sergeant/+0 glaive (4)]
  5653 | Bailey   | Reached skill level 8 in Fighting
  5658 | Bailey   | HP: 19/81 [gnoll sergeant/+0 glaive (3)]
  5679 | Bailey   | Reached skill level 8 in Shields
  5684 | Bailey   | HP: 12/81 [gnoll sergeant/+0 glaive (9)]
  6167 | D:7      | You add the spells Ozocubu's Armour and Ozocubu's
                  | Refrigeration to your library.
  6235 | D:7      | Found a shimmering altar of Xom.
  6429 | D:7      | Noticed Duvessa
  6430 | D:7      | Noticed Dowan
  6436 | D:7      | Killed Dowan
  6440 | D:7      | Killed Duvessa
  6450 | D:7      | Reached skill level 11 in Axes
  6456 | D:7      | Reached XP level 10. HP: 74/90 MP: 9/9
  6465 | D:7      | HP: 20/90 [something (20)]
  6466 | D:7      | HP: 5/90 [shadow (15)]
  6715 | D:7      | Found the +5 robe of Night {Dark Will+ SInv}
  6813 | D:7      | Found an iron altar of Okawaru.
  6824 | D:7      | Became a worshipper of Warmaster Okawaru
  6894 | D:7      | Found a staircase to the Ecumenical Temple.
  6975 | D:8      | Reached skill level 9 in Armour
  7125 | D:8      | Found a bloodstained altar of Trog.
  7205 | D:8      | Identified the +6 trident of the Common Good {drain,
                  | *Corrode Drain Str+2 Dex+7}
  7222 | D:8      | Reached skill level 9 in Fighting
  7249 | D:8      | Noticed Pikel
  7261 | D:8      | Killed Pikel
  7261 | D:8      | Reached * piety under Okawaru
  7262 | D:8      | Reached skill level 12 in Axes
  7262 | D:8      | Reached skill level 9 in Shields
  7262 | D:8      | Reached skill level 1 in Invocations
  7681 | D:8      | Found Ofuits's Fire Supplies.
  7852 | D:8      | Identified 2 scrolls of acquirement
  7852 | D:8      | Acquired a manual of Shields
  7854 | D:8      | Acquired the -1 pair of boots of Virtue {rPois rCorr Int+4}
  7980 | D:9      | Reached skill level 2 in Invocations
  7994 | D:9      | Reached ** piety under Okawaru
  8002 | D:9      | Reached skill level 10 in Shields
  8079 | D:9      | Reached XP level 11. HP: 99/99 MP: 12/12
  8090 | D:9      | Reached skill level 3 in Invocations
  8171 | D:9      | Found a glowing golden altar of the Shining One.
  8368 | D:9      | Reached skill level 13 in Axes
  8403 | D:9      | Reached *** piety under Okawaru
  8474 | D:9      | Found a staircase to the Lair.
  8727 | Lair:1   | Entered Level 1 of the Lair of Beasts
  8781 | Lair:1   | Reached skill level 10 in Armour
  8909 | Lair:1   | Noticed a death yak
  8910 | Lair:1   | Noticed a death yak
  8910 | Lair:1   | Noticed a death yak
  8912 | Lair:1   | Noticed a death yak
  8919 | Lair:1   | HP: 13/99 [death yak (20)]
  8919 | Lair:1   | Slain by a death yak

Vanquished Creatures
  Pikel (D:8)
  A deep elf pyromancer (D:6)
  A black mamba (Lair:1)
  A rime drake (D:9)
  2 polar bears (D:9)
  4 dream sheep (D:7)
  3 shadows
  Duvessa (D:7)
  3 water moccasins (Lair:1)
  2 black bears (D:5)
  6 ice beasts
  2 orc warriors
  2 sky beasts (D:7)
  2 ogres
  9 wolves
  3 centaurs
  A kobold brigand (D:9)
  A bullfrog (D:7)
  7 gnoll sergeants (Bailey)
  2 scorpions (D:5)
  17 wights
  Dowan (D:7)
  5 killer bees (D:9)
  4 howler monkeys
  5 hounds
  3 jellies
  5 orc priests
  8 gnoll boudas (Bailey)
  A sleepcap (D:6)
  3 iguanas
  12 orc wizards
  Natasha (twice) (D:4)
  17 gnolls
  11 adders
  An ufetubus (D:5)
  A worm (D:4)
  A dart slug (D:4)
  32 orcs
  5 endoplasms
  7 giant cockroaches
  9 goblins
  7 hobgoblins
  2 quokkas
  4 ball pythons
  A bat (D:1)
  5 frilled lizards
  5 kobolds
  7 rats
235 creatures vanquished.

Vanquished Creatures (others)
  A fungus (D:3)
  A plant (D:3)
2 creatures vanquished.

Grand Total: 237 creatures vanquished

Table legend:
 A = Non-vault XP
 B = Vault XP
 C = Vault XP percentage of total XP
 D = Non-vault monster count
 E = Vault monster count
 F = Vault count percentage of total count
                 A         B        C        D         E       F
            +---------+---------+-------+---------+---------+-------
      Total |    6137 |    6928 |  53.0 |     164 |      71 |  30.2
            +---------+---------+-------+---------+---------+-------
        D:1 |      10 |       0 |   0.0 |       7 |       0 |   0.0
        D:2 |      58 |      23 |  28.4 |      14 |       8 |  36.4
        D:3 |     106 |       0 |   0.0 |      26 |       0 |   0.0
        D:4 |     330 |      33 |   9.1 |      18 |       1 |   5.3
        D:5 |     954 |       0 |   0.0 |      21 |       0 |   0.0
        D:6 |     596 |     615 |  50.8 |      11 |       1 |   8.3
        D:7 |     521 |    1697 |  76.5 |      11 |      12 |  52.2
        D:8 |     880 |     629 |  41.7 |      23 |       1 |   4.2
        D:9 |    1774 |    2138 |  54.7 |      29 |      12 |  29.3
     Lair:1 |     908 |       0 |   0.0 |       4 |       0 |   0.0
     Bailey |       0 |    1793 | 100.0 |       0 |      36 | 100.0
            +---------+---------+-------+---------+---------+-------

Illustrated notes

Table legend:
 A = Kills in this place as a percentage of kills in the entire game.
 B = Kills by you in this place as a percentage of kills by you in the entire game.
 C = Kills by friends in this place as a percentage of kills by friends in the entire game.
 D = Other kills in this place as a percentage of other kills in the entire game.
 E = Experience gained in this place as a percentage of experience gained in the entire game.
 F = Experience gained in this place divided by the number of levels of this place that you have seen.
                   A       B       C       D       E      F
               +-------+-------+-------+-------+-------+----------------------
         Total | 100.0 | 100.0 |   N/A |   N/A | 100.0 | 1187.7
       Dungeon |  83.0 |  83.0 |   N/A |   N/A |  79.3 | 1151.6
          Lair |   1.7 |   1.7 |   N/A |   N/A |   6.9 | 908.0
        Bailey |  15.3 |  15.3 |   N/A |   N/A |  13.7 | 1793.0
               +-------+-------+-------+-------+-------+----------------------

Table legend: (Time is in decaauts)
 A = Elapsed time spent in this place.
 B = Non-inter-level travel time spent in this place.
 C = Inter-level travel time spent in this place.
 D = Time resting spent in this place.
 E = Time spent auto-exploring this place.
 F = Levels seen in this place.
 G = Mean time per level.
                   A        B        C        D        E       F      G
               +--------+--------+--------+--------+--------+-----+--------+
         Total |   8982 |   8738 |    244 |    753 |   6460 |  11 |  816.5 |
       Dungeon |   7592 |   7348 |    244 |      0 |   6241 |   9 |  843.6 |
          Lair |    189 |    189 |      0 |      0 |    159 |   1 |  189.0 |
        Bailey |   1200 |   1200 |      0 |    753 |     60 |   1 | 1200.0 |
               +--------+--------+--------+--------+--------+-----+--------+

Top non-repeatable levels by time:
  Bailey: 1200 daAuts
     D:6: 1038 daAuts
     D:3: 995 daAuts
     D:8: 960 daAuts
     D:7: 892 daAuts
     D:5: 873 daAuts
     D:9: 810 daAuts
     D:4: 798 daAuts
     D:2: 674 daAuts
     D:1: 549 daAuts
  Lair:1: 189 daAuts
